 Dungeon Crawl Stone Soup version 0.31.0-9-g3a7656b989 (webtiles) character file.

Game seed: 12920826994771090772

173 qw the Ducker (level 5, 0/25 (27) HPs)
             Began as a Spriggan Hunter on Feb 2, 2024.
             Slain by a wight
             ... wielding a +0 spear
              (4 damage)
             ... on level 5 of the Dungeon.
             The game lasted 00:00:06 (1948 turns).

qw the Ducker (Spriggan Hunter)                     Turns: 1948, Time: 00:00:07

HP:   0/25 (27)     AC:  2    Str:  7    XL:     5   Next: 28%
MP:   6/6           EV: 20    Int: 10    God:
Gold: 94            SH:  0    Dex: 21    Spells: 4/4 levels left

rFire   . . .        a - +1 shortbow
rCold   . . .        (shield currently unavailable)
rNeg    . . .        c - +0 robe
rPois   .            (helmet restricted)
rElec   .            (no cloak)
rCorr   .            (gloves unavailable)
SInv    +            (boots unavailable)
Will    .....        (no amulet)
Stlth   ++           (no ring)
HPRegen 0.24/turn    (no ring)
MPRegen 0.10/turn

%: no passive effects
@: drained, very quick
A: very small, no large weapons, unfitting armour, see invisible, speed 3
a: no special abilities


You were on level 5 of the Dungeon.
You visited 1 branch of the dungeon, and saw 5 of its levels.

You collected 94 gold pieces.


Innate Abilities, Weirdness & Mutations

You are very small and have problems with some larger weapons.
You are too small for most types of armour.
You have supernaturally acute eyesight. (SInv)
You cover ground extremely quickly. (Speed+++)


   Skills:
 - Level 2.6 Fighting
 + Level 5.0 Ranged Weapons
 - Level 5.1 Dodging
 - Level 1.5 Stealth


You had 4 spell levels left.
You didn't know any spells.
Your spell library was empty.

Inventory:

Hand Weapons
 a - a +1 shortbow (weapon)
Armour
 c - a +0 robe (worn)
Wands
 j - a wand of roots (13)
Scrolls
 b - 3 scrolls of teleportation
Potions
 d - a potion of enlightenment
 e - a potion of heal wounds {unknown}
 h - 2 potions of mutation
 i - a potion of curing {unknown}
 k - a potion of magic {unknown}
 l - a potion of lignification {unknown}

Dungeon Overview and Level Annotations

Branches:
Dungeon (6/15)
 Temple: D:4-7

Altars:


Message History

The wight is severely damaged.
You shoot an arrow.
The arrow hits the wight but does no damage.
The wight is severely damaged.
The wight hits you with a +3 flail!
Ouch! That really hurt!
You feel drained.
You shoot an arrow.
The arrow hits the wight but does no damage.
The wight is severely damaged.
The wight barely misses you.
You shoot an arrow. The arrow closely misses the wight.
The wight barely misses you.
You shoot an arrow. The arrow barely misses the wight.
The wight misses you.
You shoot an arrow. The arrow hits the wight.
The wight is almost destroyed.
The wight hits you with a +3 flail.
You feel drained.
You shoot an arrow. The arrow hits the wight.
You destroy the wight!
Your life force feels restored.
Your Fighting skill increases to level 2!
You have reached level 5!
You feel agile.
You start resting.
A wight comes into view. It is wielding a +0 dagger.
You shoot an arrow. The arrow closely misses the wight.
A wight comes into view. It is wielding a +0 spear.
You shoot an arrow. The arrow completely misses the wight.
You shoot an arrow. The arrow barely misses the wight.
The arrow closely misses the wight.
You shoot an arrow. The arrow hits the wight.
The wight is lightly damaged.
You shoot an arrow. The arrow hits the wight.
The wight is moderately damaged.
The wight hits you from afar with a +0 spear.
You shoot an arrow. The arrow hits the wight.
The wight is heavily damaged.
The wight hits you from afar with a +0 spear!
You feel drained.
You die...

# . .# ##.#
...###### ...
.......>###)#
...####...@.#
#.....###
#....z#
#..z..#
###.### #.#
... ....


You could see 2 wights.

Vanquished Creatures
  A wight (D:5)
  Jessica (D:3)
  5 adders
  3 dart slugs
  2 ribbon worms
  An orc (D:3)
  3 ball pythons
  2 endoplasms (D:2)
  2 giant cockroaches (D:1)
  4 hobgoblins
  3 quokkas
  6 bats
  3 frilled lizards
  3 goblins (D:1)
  A kobold (D:1)
  4 rats
44 creatures vanquished.

Notes
Turn   | Place    | Note
-------+----------+-------------------------------------------
     0 | D:1      | qw the Spriggan Hunter began the quest for the Orb.
     0 | D:1      | Reached XP level 1. HP: 10/10 MP: 2/2
     0 | D:1      | 0 ||| qw: Version: 0.3-a-155-g5e7d8dd
     0 | D:1      | 0 ||| qw: Game counter: 714
     0 | D:1      | 0 ||| qw: Melee chars always use a shield: true
     0 | D:1      | 0 ||| qw: God list: Okawaru
     0 | D:1      | 0 ||| qw: Allow faded altars: false
     0 | D:1      | 0 ||| qw: Do Orc after clearing Dungeon:15 true
     0 | D:1      | 0 ||| qw: Do second Lair branch before Depths: true
     0 | D:1      | 0 ||| qw: Lair rune preference: random
     0 | D:1      | 0 ||| qw: Goals: Normal
     0 | D:1      | 0 ||| PLANNING D:1-11
    40 | D:1      | Reached skill level 3 in Dodging
   174 | D:1      | Reached XP level 2. HP: 14/14 MP: 3/3
   767 | D:1      | 767 ||| READING scroll labelled POSOTI ETINU.
   768 | D:1      | 768 ||| READING scroll labelled ZIADAC DARUBELL.
   768 | D:1      | 768 ||| IDENTIFYING 2 fizzy dark potions
   769 | D:1      | 769 ||| READING scroll labelled SOZAXU YMMO.
   770 | D:1      | 770 ||| DRINKING 3 blue potions.
   771 | D:1      | 771 ||| DROPPING scroll of butterflies.
   772 | D:1      | 772 ||| DROPPING 2 potions of invisibility.
   845 | D:2      | Reached XP level 3. HP: 15/18 MP: 4/4
  1492 | D:2      | 1492 ||| READING scroll of identify.
  1492 | D:2      | 1492 ||| IDENTIFYING 2 scrolls labelled ECASIA ZOGOAD
  1578 | D:3      | Reached XP level 4. HP: 20/22 MP: 5/5
  1681 | D:3      | Noticed Jessica
  1683 | D:3      | Killed Jessica
  1820 | D:3      | You fall into a shaft and drop 3 floors!
  1824 | D:6      | 1824 ||| READING scroll of identify.
  1824 | D:6      | 1824 ||| IDENTIFYING sapphire potion
  1825 | D:6      | 1825 ||| READING scroll labelled FEOCYR ADAPN.
  1825 | D:6      | 1825 ||| ENCHANTING +0 shortbow.
  1826 | D:6      | 1826 ||| READING scroll labelled YMIPLY GIRRISAOTT.
  1877 | D:6      | 1877 ||| READING scroll labelled MOAGEOH KOOXTO.
  1886 | D:5      | Entered Level 5 of the Dungeon
  1900 | D:5      | Reached XP level 5. HP: 7/27 MP: 6/6
  1948 | D:5      | HP: 4/27 [wight/+0 spear (10)]
  1948 | D:5      | Slain by a wight

Levels and vault maps discovered:
D:1:      psy_arrival_dodecagon, layout_basic
D:2:      layout_basic
D:3:      layout_rooms, fedhas_ov_isle_minmay, overflow_temple_1_default,
          gammafunk_temple_overflow_statue, kennysheep_another_room, uniq_ijyb,
          uniq_jessica
D:5:      layout_basic, ashenzari_altar_1, old_standard_altar, uniq_menkaure
D:6:      cheibrodos_fzero, layout_rooms, lemuel_coloured_pillars_altar,
          mrwooster_statue_mirror, hangedman_decor_lopped

Skill      XL: |  1  2  3  4 |
---------------+-------------+-----
Dodging        | 3 4 5 |  5.1
Ranged Weapons | 5 |  5.0
Fighting       | 2 |  2.6
Stealth        | |  1.5

Action                     |  1- 3 |  4- 6 || total
---------------------------+-------+-------++-------
   Fire: Shortbow          |   105 |    47 ||   152
    Use: Scroll            |     4 |     4 ||     8
         Potion            |     1 |       ||     1
 Armour: Robe              |     7 |     7 ||    14
  Dodge: Dodged            |    27 |    10 ||    37

Table legend:
 A = Non-vault XP
 B = Vault XP
 C = Vault XP percentage of total XP
 D = Non-vault monster count
 E = Vault monster count
 F = Vault count percentage of total count
                 A         B        C        D         E       F
            +---------+---------+-------+---------+---------+-------
      Total |     211 |      37 |  14.9 |      43 |       1 |   2.3
            +---------+---------+-------+---------+---------+-------
        D:1 |      29 |       0 |   0.0 |      16 |       0 |   0.0
        D:2 |      63 |       0 |   0.0 |      16 |       0 |   0.0
        D:3 |      32 |      37 |  53.6 |       9 |       1 |  10.0
        D:5 |      74 |       0 |   0.0 |       1 |       0 |   0.0
        D:6 |      13 |       0 |   0.0 |       1 |       0 |   0.0
            +---------+---------+-------+---------+---------+-------
